 Dungeon Sprint DCSS version 0.21-a0-265-gb353147 (webtiles) character file.

17759 Kidiri the Eclecticist (level 12, -17/75 HPs)
             Began as a Deep Elf Fire Elementalist on Sept 12, 2017.
             Was the Champion of Vehumet.
             Hit by a javelin thrown by a merfolk javelineer (18 damage)
             ... in the Dungeon (Sprint III: "The Ten Rune Challenge").
             The game lasted 00:20:34 (3397 turns).

Kidiri the Eclecticist (Deep Elf Fire Elementalist) Turns: 3397, Time: 00:20:35

Health: -17/75     AC:  2    Str:  5    XL:     12   Next: 21%
Magic:  12/37      EV: 22    Int: 28    God:    Vehumet [******]
Gold:   43         SH:  0    Dex: 15    Spells: 18/50 levels left

rFire    . . .     SeeInvis .   s - +0 dagger
rCold    + . .     Gourm    .   (no shield)
rNeg     . . .     Faith    .   a - +0 robe
rPois    .         Spirit   .   (no helmet)
rElec    .         Reflect  .   (no cloak)
rCorr    .         Harm     .   (no gloves)
MR       +....     NoTele   +   (no boots)
Stlth    ++........             (no amulet)
HPRegen  0.22/turn              (no ring)
MPRegen  0.25/turn              (no ring)

@: no status effects
A: repulsion field 1, clever 1, cold resistance 1
a: Renounce Religion


You were in the Dungeon.
You worshipped Vehumet.
Vehumet was exalted by your worship.
You were not hungry.

You visited 1 branch You collected 43 gold pieces.

Inventory:

Hand Weapons
 s - a +0 dagger (weapon)
Armour
 a - a +0 robe (worn)
Wands
 r - a wand of scattershot (4/9)
Scrolls
 k - 2 scrolls of immolation
 l - 3 scrolls of identify
 m - a scroll of remove curse
Potions
 d - 2 potions of mutation
 f - a potion of haste
 h - 3 potions of berserk rage
 j - a potion of might
 o - 2 potions of flight
 q - 2 potions of curing
Comestibles
 b - 2 chunks of flesh
 c - a bread ration
 g - 4 inedible chunks of flesh
 n - 30 royal jellies


   Skills:
 + Level 8.7 Fighting
 + Level 10.3 Short Blades
 + Level 8.8 Armour
 - Level 12.0 Dodging
 - Level 2.4 Stealth
 * Level 19.6 Spellcasting
 + Level 12.6 Conjurations
 + Level 12.9 Fire Magic
 + Level 2.9 Earth Magic
 + Level 9.5 Poison Magic


You had 18 spell levels left.
You knew the following spells:

 Your Spells              Type           Power        Failure   Level  Hunger
a - Flame Tongue          Conj/Fire      #####        0%          1    None
b - Throw Flame           Conj/Fire      ######       0%          2    None
c - Conjure Flame         Conj/Fire      #######.     0%          3    None
d - Inner Flame           Hex/Fire       ######..     1%          3    None
e - Ignite Poison         Fire/Tmut/Pois ######..     1%          3    None
f - Sticky Flame          Conj/Fire      #######.     1%          4    None
g - Fireball              Conj/Fire      #######...   1%          5    None
h - Iron Shot             Conj/Erth      ######....   2%          6    None
i - Venom Bolt            Conj/Pois      ######....   1%          5    None


Dungeon Overview and Level Annotations

Branches:
Dungeon (1/1)

Altars:
Cheibriados
Dithmenos
Elyvilon
Fedhas
Gozag
Hepliaklqana
Kikubaaqudgha
Makhleb
Nemelex Xobeh
Okawaru
Qazlal
Ru
Sif Muna
Trog
Uskayaw
Vehumet
Wu Jian
Xom
Yredelemnul
Zin
The Shining One
Beogh
Jiyva
Lugonu

Annotations:
D exclusion: 7 doors, Ilsuiw


Innate Abilities, Weirdness & Mutations

You are surrounded by a mild repulsion field. (EV +2)
Your mind is acute. (Int +2)
Your flesh is cold resistant. (rC+)


Message History

The fireball engulfs the merfolk javelineer.
The merfolk javelineer is moderately wounded.
The merfolk javelineer is engulfed in a cloud of scalding steam.
The merfolk javelineer throws a javelin.
The javelin hits you!
* * * LOW HITPOINT WARNING * * *
You hear a splash.
Unknown command.
Casting: Fireball
Confirm with . or Enter, or press ? or * to list all spells.
Okay, then.
The merfolk javelineer is engulfed in a cloud of scalding steam.
The merfolk javelineer throws a javelin.
The javelin closely misses you.
There is an open door, spattered with blood here.
Unknown command.
The merfolk javelineer is engulfed in a cloud of scalding steam.
The merfolk javelineer throws a javelin.
The javelin hits you!!
You die...

#.....##..###....#.⌠.#__#...#+###
###..##)..##.....#...#__#...#....
##..##....#......#+###__#..)##.#.
#..###..##.#.....#[:.#__#...'##.#
#(.# #..#####....#___#__+...#)).#
▓▓▓▓▓▓▓▓▓▓▓▓▓▓▓▓▓▓▓▓▓▓▓▓▓▓▓▓▓▓▓▓▓
+≈≈≈≈§≈≈≈.♣♣.....♣♣♣♣≈≈≈.....
#≈≈≈§§§≈§)♣♣(≈≈≈≈'♣♣'♣≈≈≈≈≈≈≈
#≈.≈.§§§≈≈('@....#.≈♣♣♣♣♣♣♣♣♣
#≈≈≈§§§§≈≈♣♣♣♣♣♣♣#..♣♣
#≈...m§§≈≈♣ ###+♣♣♣♣♣
▓##+####'#######♣ ♣♣♣♣.##..##
▓..............m♣♣ ♣...##.##.#
▓#+#############(♣ ♣♣.##.##)##+
#≈P..%÷.%....♣ ♣..#.##...#
..+≈≈..m########♣♣ ♣♣.##.##..#
..#≈≈≈.....((..PP♣ ♣♣.##.#####


You could see a merfolk javelineer.

Vanquished Creatures
  Rupert (D)
  Polyphemus (D)
  Erolcha (D)
  Urug (D)
  4 death yaks (D)
  A sea snake (D)
  A lindwurm (D)
  A deep elf mage (D)
  2 black mambas (D)
  2 spiny frogs (D)
  A komodo dragon (D)
  A rime drake (D)
  A queen bee (D)
  2 tyrant leeches (D)
  3 wandering mushrooms (D)
  8 blink frogs (D)
  3 dream sheep (D)
  5 redbacks (D)
  A shadow (D)
  A spatial vortex (D)
  A swamp drake (D)
  A necrophage (D)
  5 two-headed ogres (D)
  A water elemental (D)
  32 killer bees (D)
  A scorpion (D)
  A jelly (D)
  A wizard (D)
  Jessica (D)
  A necromancer (D)
  3 humans (D)
  A kobold demonologist (D)
  An ooze (D)
  2 rats (D)
93 creatures vanquished.

Vanquished Creatures (others)
  2 draconian scorchers (D)
  6 hellions (D)
  2 yaktaurs (D)
  3 plants (D)
13 creatures vanquished.

Grand Total: 106 creatures vanquished

Notes
Turn   | Place    | Note
-------+----------+-------------------------------------------
     0 | D        | Kidiri the Deep Elf Fire Elementalist began the quest for the Orb.
     0 | D        | Reached XP level 1. HP: 10/10 MP: 6/6
    12 | D        | Reached skill level 4 in Spellcasting
    37 | D        | Noticed Jessica
    39 | D        | Killed Jessica
    39 | D        | Reached skill level 6 in Spellcasting
    39 | D        | Reached XP level 2. HP: 15/15 MP: 4/11
    39 | D        | Reached XP level 3. HP: 19/19 MP: 4/12
    43 | D        | Learned a level 2 spell: Throw Flame
    47 | D        | Learned a level 3 spell: Conjure Flame
    48 | D        | Killed a yaktaur
    51 | D        | Learned a level 3 spell: Inner Flame
    80 | D        | Killed a hellion
    81 | D        | Killed a hellion
    84 | D        | Killed a hellion
    84 | D        | Killed a hellion
    91 | D        | Killed a hellion
   105 | D        | Reached skill level 7 in Spellcasting
   105 | D        | Reached skill level 5 in Fire Magic
   113 | D        | Killed a yaktaur
   114 | D        | Killed a hellion
   148 | D        | Killed a white draconian scorcher
   152 | D        | Killed a white draconian scorcher
   180 | D        | Noticed a scorpion
   185 | D        | Killed a scorpion
   185 | D        | Reached skill level 8 in Spellcasting
   185 | D        | Reached XP level 4. HP: 4/24 MP: 8/16
   194 | D        | Learned a level 4 spell: Sticky Flame
   210 | D        | Gained mutation: You have large cloven feet. [potion of mutation]
   211 | D        | Lost mutation: You have large cloven feet. [potion of mutation]
   211 | D        | Gained mutation: Your flesh is cold resistant. (rC+) [potion of mutation]
   211 | D        | Gained mutation: Your mind is acute. (Int +2) [potion of mutation]
   211 | D        | Gained mutation: You are surrounded by a mild repulsion field. (EV +2) [potion of mutation]
   356 | D        | Noticed a water elemental
   360 | D        | Killed a water elemental
   360 | D        | Reached skill level 9 in Spellcasting
   360 | D        | Reached skill level 5 in Conjurations
   360 | D        | Reached XP level 5. HP: 28/28 MP: 12/19
   367 | D        | Learned a level 5 spell: Fireball
   401 | D        | Found a radiant altar of Vehumet.
   402 | D        | Found a deep blue altar of Sif Muna.
   402 | D        | Found an ancient bone altar of Kikubaaqudgha.
   403 | D        | Reached skill level 10 in Spellcasting
   413 | D        | Became a worshipper of Vehumet
   477 | D        | Found a glowing silver altar of Zin.
   478 | D        | Found a glowing golden altar of the Shining One.
   478 | D        | Found a white marble altar of Elyvilon.
   478 | D        | Noticed a deep elf mage
   488 | D        | Killed a deep elf mage
   488 | D        | Reached skill level 5 in Dodging
   488 | D        | Reached skill level 12 in Spellcasting
   488 | D        | Reached XP level 6. HP: 36/36 MP: 18/23
   488 | D        | Reached XP level 7. HP: 40/40 MP: 18/24
   502 | D        | Found an ornate altar of the Wu Jian Council.
   502 | D        | Found a roughly hewn altar of Beogh.
   502 | D        | Found an iron altar of Okawaru.
   502 | D        | Found a bloodstained altar of Trog.
   502 | D        | Found a hide-covered altar of Uskayaw.
   502 | D        | Noticed a human
   506 | D        | Noticed a human
   506 | D        | Killed a human
   506 | D        | Killed a human
   506 | D        | Reached * piety under Vehumet
   506 | D        | Offered knowledge of Magic Dart by Vehumet.
   506 | D        | Reached skill level 13 in Spellcasting
   607 | D        | Found a basalt altar of Yredelemnul.
   607 | D        | Found a shadowy altar of Dithmenos.
   607 | D        | Found a sacrificial altar of Ru.
   680 | D        | Noticed a shadow
   681 | D        | Reached ** piety under Vehumet
   681 | D        | Offered knowledge of Freeze by Vehumet.
   681 | D        | Killed a shadow
   681 | D        | Reached XP level 8. HP: 48/48 MP: 18/27
   725 | D        | Found a blossoming altar of Fedhas.
   725 | D        | Found a stormy altar of Qazlal.
   725 | D        | Found a snail-covered altar of Cheibriados.
   725 | D        | Found a burning altar of Makhleb.
   725 | D        | Found a shimmering altar of Xom.
   726 | D        | Found a hazy altar of Hepliaklqana.
   726 | D        | Found an opulent altar of Gozag.
   726 | D        | Found a sparkling altar of Nemelex Xobeh.
   726 | D        | Found a corrupted altar of Lugonu.
   726 | D        | Found a viscous altar of Jiyva.
   857 | D        | Offered knowledge of Ignite Poison by Vehumet.
   857 | D        | Reached skill level 5 in Short Blades
   862 | D        | Learned a level 3 spell: Ignite Poison
   870 | D        | Reached skill level 14 in Spellcasting
   870 | D        | Reached *** piety under Vehumet
   952 | D        | Noticed a two-headed ogre
   964 | D        | Killed a two-headed ogre
   964 | D        | Reached skill level 1 in Poison Magic
  1057 | D        | Noticed a two-headed ogre
  1057 | D        | Noticed Erolcha
  1064 | D        | Killed Erolcha
  1064 | D        | Offered knowledge of Static Discharge by Vehumet.
  1064 | D        | Reached skill level 5 in Fighting
  1064 | D        | Reached skill level 5 in Armour
  1064 | D        | Reached skill level 15 in Spellcasting
  1064 | D        | Reached XP level 9. HP: 54/54 MP: 17/30
  1075 | D        | Killed a two-headed ogre
  1075 | D        | Reached skill level 10 in Fire Magic
  1175 | D        | Reached **** piety under Vehumet
  1503 | D        | Offered knowledge of Force Lance by Vehumet.
  1569 | D        | Noticed a queen bee
  1575 | D        | Killed a queen bee
  1589 | D        | Reached ***** piety under Vehumet
  1596 | D        | Reached skill level 10 in Conjurations
  1609 | D        | Reached XP level 10. HP: 55/60 MP: 3/31
  1609 | D        | Reached ****** piety under Vehumet
  1609 | D        | Reached skill level 5 in Poison Magic
  1609 | D        | Reached skill level 16 in Spellcasting
  1844 | D        | Offered knowledge of Venom Bolt by Vehumet.
  1851 | D        | Learned a level 5 spell: Venom Bolt
  2000 | D        | Noticed a spiny frog
  2000 | D        | Noticed a spiny frog
  2006 | D        | Killed a spiny frog
  2008 | D        | Killed a spiny frog
  2008 | D        | Reached skill level 10 in Dodging
  2393 | D        | Reached skill level 17 in Spellcasting
  2648 | D        | Noticed a lindwurm
  2654 | D        | Killed a lindwurm
  2814 | D        | Offered knowledge of Iskenderun's Battlesphere by Vehumet.
  2816 | D        | Noticed Urug
  2821 | D        | Killed Urug
  2821 | D        | Reached XP level 11. HP: 58/67 MP: 5/34
  3122 | D        | Noticed Rupert
  3136 | D        | Killed Rupert
  3136 | D        | Reached skill level 18 in Spellcasting
  3211 | D        | Noticed a death yak
  3212 | D        | Noticed a death yak
  3214 | D        | Offered knowledge of Iron Shot by Vehumet.
  3215 | D        | Noticed a death yak
  3216 | D        | Killed a death yak
  3218 | D        | Noticed a death yak
  3218 | D        | Killed a death yak
  3218 | D        | Killed a death yak
  3221 | D        | Killed a death yak
  3221 | D        | Reached skill level 19 in Spellcasting
  3233 | D        | Noticed an azure jelly
  3233 | D        | Noticed an azure jelly
  3348 | D        | Learned a level 6 spell: Iron Shot
  3350 | D        | Noticed Polyphemus
  3351 | D        | Reached skill level 10 in Short Blades
  3352 | D        | Reached skill level 1 in Earth Magic
  3352 | D        | Reached XP level 12. HP: 75/75 MP: 28/37
  3355 | D        | Noticed Ilsuiw
  3359 | D        | Killed Polyphemus
  3359 | D        | Offered knowledge of Bolt of Fire by Vehumet.
  3361 | D        | Noticed a merfolk javelineer
  3391 | D        | HP: 2/75 [merfolk javelineer/javelin (7)]
  3397 | D        | Hit by a javelin thrown by a merfolk javelineer

Vault maps used:
D:        dungeon_sprint_mu

Skill      XL: |  1  2  3  4  5  6  7  8  9 10 11 12 |
---------------+-------------------------------------+-----
Spellcasting   | 6 8 9 12 13 15 17 19 | 19.6
Conjurations   | 3 4 5 7 8 9 10 11 12 | 12.6
Fire Magic     | 4 5 6 8 9 10 11 12 | 12.9
Fighting       | 2 3 5 7 8 |  8.7
Short Blades   | 3 4 6 7 8 10 | 10.3
Armour         | 2 3 5 7 8 |  8.8
Dodging        | 5 6 8 9 10 12 | 12.0
Poison Magic   | 3 4 6 9 |  9.5
Earth Magic    | 1 2 |  2.9
Stealth        | |  2.4

Action                   |  1- 3 |  4- 6 |  7- 9 | 10-12 || total
-------------------------+-------+-------+-------+-------++-------
Melee: Dagger            |       |     1 |       |     7 ||     8
 Cast: Flame Tongue      |    15 |     3 |    81 |    37 ||   136
       Conjure Flame     |     1 |     1 |     8 |     2 ||    12
       Sticky Flame      |       |     3 |     8 |     4 ||    15
       Fireball          |       |       |     3 |    12 ||    15
       Inner Flame       |       |       |     9 |     1 ||    10
       Throw Flame       |       |       |     1 |     1 ||     2
       Venom Bolt        |       |       |       |    41 ||    41
       Ignite Poison     |       |       |       |     8 ||     8
       Iron Shot         |       |       |       |     2 ||     2
  Use: Potion            |       |     3 |       |     3 ||     6
       Scroll            |       |     2 |       |     1 ||     3
 Stab: Sleeping          |       |     1 |       |       ||     1
  Eat: Chunk             |       |       |     1 |     3 ||     4
       Fruit             |       |       |     4 |       ||     4
Dodge: Dodged            |     1 |     1 |    33 |    43 ||    78

Table legend:
 A = Spawn XP
 B = Non-spawn XP
 C = Spawn XP percentage of total XP
 D = Spawn monster count
 E = Non-spawn monster count
 F = Spawn count percentage of total count
 G = Total turns spent on level
                    A         B        C        D         E        F      G
               +---------+---------+-------+---------+---------+-------+---------
         Total |       0 |   25371 |   0.0 |       0 |      93 |   0.0 |  3397
               +---------+---------+-------+---------+---------+-------+---------
             D |       0 |   25371 |   0.0 |       0 |      93 |   0.0 |  3397
               +---------+---------+-------+---------+---------+-------+---------
